 Dungeon Crawl Stone Soup version 0.28.0-47-ge53b351184 (webtiles) character file.

Game seed: 17765486936763295829

205 GigaChad the Covered (level 5, -3/47 HPs)
             Began as a Minotaur Fighter on May 9, 2022.
             Was a Believer of Dithmenos.
             Slain by Grinder (5 damage)
             ... on level 4 of the Dungeon.
             The game lasted 00:07:04 (3915 turns).

GigaChad the Covered (Minotaur Fighter)             Turns: 3915, Time: 00:07:05

Health: -3/47      AC:  7    Str: 20    XL:     5   Next: 53%
Magic:  4/4        EV:  9    Int:  5    God:    Dithmenos [**....]
Gold:   82         SH:  5    Dex: 12    Spells: 2/4 levels left

rFire   . . .      SeeInvis .   a - +0 long sword
rCold   . . .      Faith    .   c - +0 buckler
rNeg    . . .      Spirit   .   b - +0 scale mail
rPois   .          Reflect  .   (helmet restricted)
rElec   .          Harm     .   (no cloak)
rCorr   .          Rampage  .   (no gloves)
Will    .....                   (no boots)
Stlth   ..........              (no amulet)
HPRegen 0.15/turn               (no ring)
MPRegen 0.09/turn               (no ring)

@: wreathed by umbra
A: horns 2, retaliatory headbutt
a: Renounce Religion, Shadow Step


You were on level 4 of the Dungeon.
You worshipped Dithmenos.
Dithmenos was pleased with you.
You visited 1 branch of the dungeon, and saw 4 of its levels.

You collected 82 gold pieces.

Inventory:

Hand Weapons
 a - a +0 long sword (weapon)
 o - a +0 arbalest
Armour
 b - a +0 scale mail (worn)
 c - a +0 buckler (worn)
Scrolls
 f - 5 scrolls of teleportation
 h - a scroll of magic mapping {unknown}
 n - a scroll of noise {unknown}
 p - a scroll of enchant weapon {unknown}
Potions
 d - 2 potions of might
 e - 2 potions of flight {unknown}
 g - a potion of resistance {unknown}
 i - 2 potions of heal wounds {unknown}
 j - 4 potions of cancellation {unknown}
 k - a potion of invisibility {unknown}
 l - 2 potions of ambrosia {unknown}
 m - a potion of brilliance {unknown}


   Skills:
 + Level 4.4 Fighting
 + Level 4.2 Long Blades
 + Level 5.1 Armour
 + Level 1.4 Dodging
 + Level 0.1 Stealth
 + Level 4.5 Shields


You had 2 spell levels left.
You knew the following spells:

 Your Spells              Type           Power      Damage    Failure   Level
a - Wereblood             Tmut           0%         N/A       96%         2

Your spell library contained the following spells:

 Spells                   Type           Power      Damage    Failure   Level
 Beastly Appendage        Tmut           0%         N/A       88%         1
 Pain                     Necr           0%         1d4       88%         1
 Spider Form              Tmut/Pois      0%         N/A       99%         3
 Agony                    Necr           0%         N/A       100%        5
 Excruciating Wounds      Necr           0%         N/A       100%        5


Dungeon Overview and Level Annotations

Branches:
Dungeon (4/15)
 Temple: D:4-7

Altars:
Dithmenos

Annotations:
D:4 Grinder


Innate Abilities, Weirdness & Mutations

You have a pair of horns on your head.
You reflexively headbutt those who attack you in melee.


Message History

You barely miss Grinder. Your headbutt misses Grinder.
Grinder is lightly wounded.
The hound closely misses you. Grinder barely misses you.
You furiously retaliate!
You headbutt Grinder. You slash Grinder!
Grinder is heavily wounded.
The hound bites you but does no damage.
Grinder grins, showing sharp teeth.
Grinder hits you but does no damage. The hound bites you.
Grinder gestures at you.
You suddenly lose the ability to move!
The hound bites you. The hound bites you but does no damage.
Grinder hits you but does no damage. The hound bites you but does no damage.
Grinder hits you.
The hound bites you but does no damage. x2; Grinder hits you!
You writhe in agony.
The hound bites you but does no damage. Grinder hits you.
* * * LOW HITPOINT WARNING * * *
The hound bites you.
* * * LOW HITPOINT WARNING * * *
The hound bites you but does no damage.
Grinder blinks!
The hound bites you.
* * * LOW HITPOINT WARNING * * *
You can move again.
The hound barely misses you. You furiously retaliate!
You headbutt the hound.
You kill the hound!
Dithmenos accepts your kill.
Your Armour skill increases to level 5!
Grinder hits you but does no damage. Grinder barely misses you.
You furiously retaliate!
You headbutt Grinder. You closely miss Grinder. You headbutt Grinder!
Grinder is severely wounded.
Grinder hits you but does no damage.
You closely miss Grinder. You headbutt Grinder.
Grinder is severely wounded.
Grinder says, "Just stop there for a second..."
Grinder hits you.
* * * LOW HITPOINT WARNING * * *
You writhe in agony.
You die...

≈≈≈ ≈≈≈≈.≈≈≈≈≈.. ≈.≈
≈.≈.≈≈≈≈..≈#.. ≈≈≈.≈≈ ≈ ≈≈≈.≈≈
≈≈≈#.##.#. ♣≈≈≈♣ ♣≈ ♣≈≈≈♣
♣≈.#.#... ♣≈≈≈♣ ♣≈. ♣≈≈≈♣
♣≈≈#.#..# #
♣♣≈.≈♣♣♣≈.≈♣♣♣≈.≈♣♣♣≈.#.#..#.#
≈≈≈.≈≈≈≈≈≈≈≈≈≈≈≈≈≈≈≈≈...#..#.#
≈..≈..≈≈≈.≈.....5...≈........#
...##.##........@............#
..........##.....#####.......#
.......... #.....# #.......#
....#####........# #.......#
##...###..##.....# #.......#
##...(#...##.#########.......#
..#.8.#(8.##.######..........#
......# .....................#
..#..## ...#.######..........#


You could see Grinder.

Vanquished Creatures
  A jelly (D:4)
  A hound (D:4)
  A hound skeleton (D:3)
  5 adders
  A worm (D:2)
  3 dart slugs
  10 ball pythons
  6 bats
  3 endoplasms
  4 giant cockroaches
  9 goblins
  11 hobgoblins
  11 kobolds
  6 frilled lizards
  9 rats
81 creatures vanquished.

Notes
Turn   | Place    | Note
-------+----------+-------------------------------------------
     0 | D:1      | GigaChad the Minotaur Fighter began the quest for the Orb.
     0 | D:1      | Reached XP level 1. HP: 19/19 MP: 0/0
   461 | D:1      | Reached XP level 2. HP: 26/27 MP: 1/1
   564 | D:1      | Reached skill level 4 in Armour
   597 | D:1      | Found a faded altar of an unknown god.
   629 | D:1      | Prayed at the altar of an unknown god.
   629 | D:1      | Became a worshipper of Dithmenos the Shadowed
   629 | D:1      | Reached * piety under Dithmenos
   679 | D:1      | Reached XP level 3. HP: 27/33 MP: 2/2
  1321 | D:2      | Learned a level 2 spell: Wereblood
  1483 | D:2      | Reached XP level 4. HP: 40/40 MP: 3/3
  1498 | D:2      | Reached skill level 1 in Dodging
  1561 | D:2      | Reached ** piety under Dithmenos
  3361 | D:4      | Reached XP level 5. HP: 23/47 MP: 4/4
  3891 | D:4      | Noticed Grinder
  3904 | D:4      | Paralysed by Grinder for 7 turns
  3912 | D:4      | Reached skill level 5 in Armour
  3915 | D:4      | HP: 2/47 [Grinder (6)]
  3915 | D:4      | Slain by Grinder

Illustrated notes

Levels and vault maps discovered:
D:1:      minmay_arrival_solitary_statue, layout_loops_cross,
          nicolae_ecumenical_snake_handling
D:2:      minmay_recursive_quarters, layout_basic, minmay_misc_feat_rows
D:3:      minmay_razor_zed, layout_loops_ring, nicolae_figureground_sparkle
D:4:      layout_basic, minmay_misc_feat_plants, mrwooster_statue_mirror,
          serial_bayou_ford_a, chequers_serial_rivers_small_a, kennysheep_boxes,
          uniq_grinder

Skill      XL: |  1  2  3  4  5 |
---------------+----------------+-----
Fighting       | 4 |  4.4
Armour         | 4 5 |  5.1
Long Blades    | 3 4 |  4.2
Shields        | 4 |  4.5
Dodging        | 1 |  1.4
Stealth        | |  0.1

Action                   |  1- 3 |  4- 6 || total
-------------------------+-------+-------++-------
Melee: Long sword        |    87 |    97 ||   184
       Headbutt          |     7 |    17 ||    24
  Use: Scroll            |     2 |       ||     2
Armor: Scale mail        |    47 |    77 ||   124
Dodge: Dodged            |    56 |    63 ||   119
Block: Buckler           |    32 |    30 ||    62
